 Dungeon Crawl Stone Soup version 0.26.1-11-gd32895ea62 (webtiles) character file.

Game seed: 4279372318131444692

266 DearestLeader the Chiller (level 6, -1/41 HPs)
             Began as a Merfolk Ice Elementalist on Apr 29, 2021.
             Killed by divine providence
             ... invoked by an orc priest
              (12 damage)
             ... on level 4 of the Dungeon on May 5, 2021.
             The game lasted 00:06:37 (2843 turns).

DearestLeader the Chiller (MfIE)                    Turns: 2843, Time: 00:06:37

Health: -1/41      AC:  5    Str:  8    XL:     6   Next: 20%
Magic:  1/9        EV: 13    Int: 16    God:
Gold:   143        SH:  0    Dex: 15    Spells: 2/10 levels left

rFire    + . .     SeeInvis .   n - +3 scimitar
rCold    + . .     Faith    .   (no shield)
rNeg     . . .     Spirit   .   e - +1 robe {rF+}
rPois    .         Reflect  .   u - +0 helmet
rElec    .         Harm     .   (no cloak)
rCorr    .         Rampage  .   c - +0 pair of gloves
Will     .....                  (no boots)
Stlth    ++........             (no amulet)
HPRegen  0.13/turn              j - ring of protection from cold
MPRegen  0.11/turn              (no ring)

@: frozen ramparts
A: change form in water, swift swim, stealthy swim
a: no special abilities


You were on level 4 of the Dungeon.
You visited 1 branch of the dungeon, and saw 4 of its levels.

You collected 143 gold pieces.

Inventory:

Hand Weapons
 g - a +0 short sword
 n - a +3 scimitar (weapon)
 v - a +2 dagger of electrocution
Missiles
 i - 7 atropa-tipped darts
 m - 16 poisoned darts (quivered)
Armour
 a - a +0 robe
 c - a +0 pair of gloves (worn)
 e - a +1 robe of fire resistance (worn)
 u - a +0 helmet (worn)
Jewellery
 j - a ring of protection from cold (left hand)
 r - a +6 ring of dexterity {unknown}
 x - an uncursed ring of see invisible {unknown}
Wands
 y - a wand of polymorph (10)
Scrolls
 d - 3 scrolls of remove curse {unknown}
 k - 3 scrolls of identify {unknown}
 l - 2 scrolls of random uselessness {unknown}
 o - 3 scrolls of amnesia {unknown}
 p - 2 scrolls of immolation {unknown}
 q - a scroll of fog {unknown}
 s - a scroll of enchant weapon {unknown}
 w - 3 scrolls of teleportation {unknown}
Potions
 b - a potion of curing
 f - a potion of invisibility {unknown}
 h - a potion of experience {unknown}
 t - a potion of cancellation {unknown}
 z - a potion of heal wounds {unknown}


   Skills:
 - Level 3.0 Dodging
 - Level 2.1 Stealth
 + Level 2.5 Spellcasting
 * Level 7.6 Ice Magic


You had 2 spell levels left.
You knew the following spells:

 Your Spells              Type           Power        Failure   Level
a - Freeze                Ice            100%         1%          1
b - Frozen Ramparts       Ice            52%          2%          3
c - Summon Ice Beast      Ice/Summ       14%          38%         4

Your spell library contained the following spells:

 Spells                   Type           Power        Failure   Level
 Ozocubu's Armour         Ice            26%          2%          3
 Hailstorm                Conj/Ice       14%          38%         4


Dungeon Overview and Level Annotations

Branches:
Dungeon (4/15)
 Temple: D:4-7

Altars:


Message History

Beogh smites you!
* * * LOW HITPOINT WARNING * * *
It was a potion of curing.
You feel better.
Casting: Frozen Ramparts (dangerous; 2% risk of failure)
Confirm with . or Enter, or press ? or * to list all spells.
Casting: Frozen Ramparts (dangerous; 2% risk of failure)
Press: ? - help, Dir - look around, f - activate The walls around you are covered in ice.
The wall freezes the orc priest.
Casting: Frozen Ramparts (dangerous; 2% risk of failure)
Confirm with . or Enter, or press ? or * to list all spells.
Aiming: Freeze (safe; 1% risk of failure)
Press: ? - help, Shift-Dir - straight line, f - orc priest
Aim: an orc priest, wielding a +0 mace (heavily wounded)
You freeze the orc priest.
The orc priest is heavily wounded.
The wall freezes the orc priest.
The orc priest calls down the wrath of Beogh upon you.
Beogh smites you!
You die...

# .. #.# .. .
#...## . ♣....
#...# .#.....
#..### ..♣...O
#..@###..o...
###o##...♣..
#......#.♣
##.....##.#
#......##.#
♣)♣♣♣#..#.# #
♣♣).♣♣#...#########
♣P.♣#....<..##...
..♣#..#.........


You could see an orc priest.

Vanquished Creatures
  An orc wizard (D:4)
  An orc priest (D:4)
  2 worker ants (D:4)
  Robin (D:3)
  6 adders
  2 oozes (D:2)
  2 worms
  4 dart slugs
  2 leopard geckos
  3 orcs
  2 ball pythons
  3 giant cockroaches
  9 goblins
  10 hobgoblins
  A quokka (D:2)
  5 bats
  5 frilled lizards
  7 kobolds
  6 rats
72 creatures vanquished.

Vanquished Creatures (others)
  A rat (D:3)
1 creature vanquished.

Grand Total: 73 creatures vanquished

Notes
Turn   | Place    | Note
-------+----------+-------------------------------------------
     0 | D:1      | DearestLeader the Merfolk Ice Elementalist began the quest
                  | for the Orb.
     0 | D:1      | Reached XP level 1. HP: 13/13 MP: 3/3
   259 | D:1      | Reached XP level 2. HP: 4/19 MP: 0/5
   576 | D:1      | Reached skill level 5 in Ice Magic
   996 | D:1      | Reached XP level 3. HP: 21/24 MP: 4/6
  1231 | D:2      | Learned a level 3 spell: Frozen Ramparts
  1306 | D:2      | Reached XP level 4. HP: 27/30 MP: 3/7
  1410 | D:2      | Reached skill level 6 in Ice Magic
  2037 | D:3      | Noticed Robin
  2045 | D:3      | Killed Robin
  2046 | D:3      | Reached XP level 5. HP: 28/35 MP: 4/8
  2505 | D:3      | Learned a level 4 spell: Summon Ice Beast
  2587 | D:3      | Reached skill level 7 in Ice Magic
  2821 | D:4      | Reached XP level 6. HP: 27/41 MP: 5/9
  2836 | D:4      | HP: 2/41 [orc priest/divine providence (13)]
  2843 | D:4      | Killed from afar by an orc priest

Illustrated notes

Levels and vault maps discovered:
D:1:      dpeg_arrival_round_c, layout_basic
D:2:      layout_rooms, hangedman_decor_push, minmay_pentomino_u4
D:3:      layout_rooms, uniq_robin
D:4:      layout_rooms, serial_forest, infiniplex_forest_clump_small,
          infiniplex_forest_clump_long, infiniplex_forest_lined_room_3,
          infiniplex_forest_lined_ring, infiniplex_forest_corner_2,
          infiniplex_forest_zigzag_2, infiniplex_forest_end_3,
          infiniplex_forest_lined_corner, uniq_blork_the_orc

Skill      XL: |  1  2  3  4  5 |
---------------+----------------+-----
Ice Magic      | 5 6 7 |  7.6
Dodging        | 3 |  3.0
Stealth        | |  2.1
Spellcasting   | |  2.5

Action                   |  1- 3 |  4- 6 || total
-------------------------+-------+-------++-------
Melee: Unarmed           |     3 |       ||     3
       Short sword       |    32 |     7 ||    39
       Scimitar          |       |    84 ||    84
Throw: Dart              |     3 |       ||     3
 Cast: Freeze            |    29 |     5 ||    34
       Frozen Ramparts   |     1 |     8 ||     9
  Use: Potion            |       |     1 ||     1
 Stab: Sleeping          |     2 |     6 ||     8
Armor: Robe              |    13 |    28 ||    41
Dodge: Dodged            |    33 |    83 ||   116
       Rpst.: Scimitar   |       |    22 ||    22
